[ PARTIDA AOE2 · #479559431 ]
UnrankedCeltas vs Portuguese
[ ANÁLISIS DE REPETICIÓN · EXTRAÍDO DE LA PARTIDA GRABADA ]
Feudal
12:25
Castillos
19:26
Imperial
—
| APM promedio | 21.6 |
| APM pico | 63 |
| eAPM promedio | 13.4 |
| Aldeanos / militares | 116 / 40 |
Foco
⚔️ 18.6% · 🌾 81.4%
Woad Raider ×27 · Archer ×9 · Mangonel ×3 · Monk ×1
Feudal
14:28
Castillos
19:18
Imperial
35:01
| APM promedio | 21.0 |
| APM pico | 42 |
| eAPM promedio | 11.1 |
| Aldeanos / militares | 107 / 26 |
Foco
⚔️ 18.9% · 🌾 81.1%
Organ Gun ×26
Feudal
13:31
Castillos
17:03
Imperial
35:40
| APM promedio | 30.4 |
| APM pico | 76 |
| eAPM promedio | 17.4 |
| Aldeanos / militares | 119 / 32 |
Foco
⚔️ 26.5% · 🌾 73.5%
Chakram Thrower ×29 · Mangonel ×1 · Monk ×1 · Trebuchet (Packed) ×1
Feudal
14:59
Castillos
19:19
Imperial
31:33
| APM promedio | 29.3 |
| APM pico | 60 |
| eAPM promedio | 18.1 |
| Aldeanos / militares | 138 / 141 |
Foco
⚔️ 24.2% · 🌾 75.8%
Tarkan ×137 · Cavalry Archer ×2 · Monk ×2
Feudal
15:58
Castillos
20:01
Imperial
—
| APM promedio | 14.7 |
| APM pico | 51 |
| eAPM promedio | 7.8 |
| Aldeanos / militares | 41 / 32 |
Foco
⚔️ 35.9% · 🌾 64.1%
Gbeto ×27 · Battering Ram ×5
Feudal
12:52
Castillos
22:39
Imperial
36:38
| APM promedio | 19.6 |
| APM pico | 34 |
| eAPM promedio | 14.4 |
| Aldeanos / militares | 117 / 27 |
Foco
⚔️ 11.4% · 🌾 88.6%
Conquistador ×21 · Trebuchet (Packed) ×5 · Spearman ×1
Feudal
13:43
Castillos
22:40
Imperial
36:35
| APM promedio | 50.1 |
| APM pico | 96 |
| eAPM promedio | 21.8 |
| Aldeanos / militares | 107 / 0 |
Foco
⚔️ 12.8% · 🌾 87.2%
Unknown (2550) ×38 · Unknown (2586) ×2
Feudal
16:54
Castillos
22:48
Imperial
—
| APM promedio | 13.5 |
| APM pico | 33 |
| eAPM promedio | 11.3 |
| Aldeanos / militares | 164 / 73 |
Foco
⚔️ 24.3% · 🌾 75.7%
Steppe Lancer ×73
Mapa de la partida
Recursos iniciales + cada clic de construcción. Líneas = muros · curvas = relieve. ◆ oro · ⬟ piedra · ● bayas · ✦ reliquia · ◌ hueco del cierre
Tu base· Abierta — flanco sin cerrar
Base de IcedTrain· Abierta — flanco sin cerrar
Base de rUiN· Abierta — flanco sin cerrar
Base de 廊桥停步· Abierta — flanco sin cerrar
Base de O7KN27· Abierta — flanco sin cerrar
Base de BRNSoloMid· ✓ Cerrada en 22:39 · 6t muro · 1 puerta(s)
Base de ƤhØenɪx | dibujantew· Abierta — hueco de 10t
Base de 旭阳xuyang· Abierta — flanco sin cerrar
Terreno inicial suavizado · ◌ = hueco del cierre detectado · pasá el cursor para detalles
Inputs por minuto
— DD2E Badu Lake - - IcedTrain
Build order — DD2E Badu Lake
Primeras 150 de 275 acciones detectadas
| 0:41 | Construir | Town Center |
| 1:35 | Construir | House |
| 2:21 | Crear | Villager (Male) |
| 2:22 | Crear | Villager (Male) |
| 2:22 | Crear | Villager (Male) |
| 2:23 | Crear | Villager (Male) |
| 2:23 | Crear | Villager (Male) |
| 2:23 | Crear | Villager (Male) |
| 3:46 | Crear | Villager (Male) |
| 4:12 | Crear | Villager (Male) |
| 4:34 | Construir | Lumber Camp |
| 4:41 | Crear | Villager (Male) |
| 4:43 | Crear | Villager (Male) |
| 4:59 | Construir | House |
| 5:01 | Investigar | Loom |
| 5:03 | Crear | Villager (Male) |
| 5:52 | Crear | Villager (Male) |
| 6:18 | Crear | Villager (Male) |
| 6:19 | Crear | Villager (Male) |
| 6:19 | Crear | Villager (Male) |
| 6:24 | Construir | House |
| 6:26 | Construir | House |
| 6:58 | Crear | Villager (Male) |
| 7:27 | Construir | Mill |
| 8:13 | Crear | Villager (Male) |
| 8:15 | Crear | Villager (Male) |
| 9:04 | Crear | Villager (Male) |
| 10:15 | Investigar | Feudal Age |
| 11:08 | Construir | Mill |
| 11:35 | Crear | Villager (Male) |
| 11:36 | Crear | Villager (Male) |
| 12:25 | Edad | Edad Feudal |
| 12:40 | Construir | Market |
| 12:51 | Construir | Blacksmith |
| 12:56 | Construir | Palisade Gate |
| 13:12 | Construir | Farm |
| 13:12 | Construir | Farm |
| 13:32 | Construir | Farm |
| 13:47 | Crear | Villager (Male) |
| 13:49 | Crear | Villager (Male) |
| 13:53 | Construir | Farm |
| 13:56 | Crear | Villager (Male) |
| 14:07 | Construir | House |
| 14:24 | Construir | Farm |
| 14:30 | Construir | Farm |
| 14:49 | Construir | Farm |
| 14:49 | Construir | Farm |
| 15:02 | Construir | Farm |
| 15:20 | Crear | Villager (Male) |
| 15:32 | Crear | Villager (Male) |
| 15:56 | Construir | Farm |
| 15:57 | Construir | Farm |
| 15:57 | Construir | Farm |
| 16:00 | Construir | Farm |
| 16:46 | Investigar | Castle Age |
| 16:46 | Investigar | Castle Age |
| 16:46 | Investigar | Castle Age |
| 16:53 | Construir | Mining Camp |
| 17:06 | Construir | House |
| 17:13 | Construir | Palisade Wall |
| 17:20 | Construir | Palisade Wall |
| 17:27 | Construir | Palisade Wall |
| 17:57 | Construir | House |
| 18:02 | Construir | Palisade Wall |
| 18:16 | Construir | Barracks |
| 19:02 | Construir | Palisade Gate |
| 19:04 | Construir | House |
| 19:13 | Construir | Palisade Wall |
| 19:14 | Construir | Palisade Wall |
| 19:26 | Edad | Edad de los Castillos |
| 19:38 | Construir | Town Center |
| 19:54 | Crear | Villager (Male) |
| 19:55 | Crear | Villager (Male) |
| 20:18 | Construir | Palisade Gate |
| 20:24 | Construir | House |
| 20:25 | Construir | House |
| 20:31 | Crear | Villager (Male) |
| 20:33 | Crear | Villager (Male) |
| 20:58 | Investigar | Double-Bit Axe |
| 21:51 | Construir | Castle |
| 22:07 | Construir | Castle |
| 22:21 | Crear | Villager (Male) |
| 22:21 | Crear | Villager (Male) |
| 22:23 | Crear | Villager (Male) |
| 22:23 | Crear | Villager (Male) |
| 22:41 | Investigar | Fletching |
| 22:42 | Investigar | Scale Mail Armor |
| 22:44 | Investigar | Forging |
| 23:03 | Construir | Farm |
| 23:07 | Construir | Farm |
| 23:08 | Construir | Farm |
| 23:10 | Crear | Villager (Male) |
| 23:11 | Crear | Villager (Male) |
| 23:16 | Construir | Farm |
| 23:34 | Crear | Villager (Male) |
| 23:35 | Crear | Villager (Male) |
| 23:59 | Crear | Villager (Male) |
| 24:01 | Crear | Villager (Male) |
| 24:30 | Construir | Town Center |
| 24:36 | Crear | Villager (Male) |
| 24:37 | Crear | Villager (Male) |
| 24:46 | Construir | Outpost |
| 24:50 | Crear | Villager (Male) |
| 24:52 | Crear | Villager (Male) |
| 25:10 | Construir | Farm |
| 25:11 | Construir | Farm |
| 25:13 | Crear | Villager (Male) |
| 25:18 | Investigar | Horse Collar |
| 25:36 | Crear | Woad Raider |
| 25:36 | Crear | Woad Raider |
| 25:41 | Crear | Villager (Male) |
| 25:47 | Construir | Farm |
| 25:47 | Construir | Farm |
| 26:11 | Crear | Woad Raider |
| 26:11 | Crear | Woad Raider |
| 26:12 | Crear | Woad Raider |
| 26:14 | Crear | Villager (Male) |
| 26:37 | Crear | Villager (Male) |
| 26:38 | Crear | Villager (Male) |
| 26:39 | Crear | Villager (Male) |
| 26:43 | Construir | Monastery |
| 26:45 | Construir | Farm |
| 26:49 | Crear | Villager (Male) |
| 26:49 | Crear | Villager (Male) |
| 27:06 | Construir | Town Center |
| 27:11 | Investigar | Town Watch |
| 27:15 | Crear | Villager (Male) |
| 27:24 | Crear | Villager (Male) |
| 27:39 | Crear | Woad Raider |
| 27:39 | Crear | Woad Raider |
| 28:05 | Crear | Woad Raider |
| 28:05 | Crear | Woad Raider |
| 28:32 | Investigar | Chain Mail Armor |
| 29:52 | Crear | Villager (Male) |
| 29:52 | Crear | Villager (Male) |
| 29:53 | Crear | Villager (Male) |
| 29:53 | Crear | Villager (Male) |
| 29:54 | Crear | Villager (Male) |
| 29:54 | Crear | Villager (Male) |
| 29:57 | Construir | Farm |
| 29:57 | Construir | Farm |
| 29:57 | Construir | Farm |
| 29:57 | Construir | Farm |
| 29:58 | Construir | Farm |
| 29:58 | Construir | Farm |
| 29:58 | Construir | Farm |
| 29:58 | Construir | Farm |
| 29:59 | Construir | Farm |
| 30:02 | Crear | Villager (Male) |
| 30:02 | Crear | Villager (Male) |
Build order — IcedTrain
Primeras 150 de 259 acciones detectadas
| 0:27 | Construir | Town Center |
| 3:12 | Crear | Villager (Male) |
| 3:12 | Crear | Villager (Male) |
| 3:13 | Crear | Villager (Male) |
| 3:20 | Crear | Villager (Male) |
| 3:21 | Crear | Villager (Male) |
| 3:28 | Construir | House |
| 4:01 | Investigar | Loom |
| 4:13 | Crear | Villager (Male) |
| 4:13 | Crear | Villager (Male) |
| 5:19 | Crear | Villager (Male) |
| 5:41 | Construir | House |
| 5:56 | Crear | Villager (Male) |
| 5:56 | Crear | Villager (Male) |
| 5:56 | Crear | Villager (Male) |
| 6:47 | Crear | Villager (Male) |
| 6:48 | Crear | Villager (Male) |
| 7:39 | Crear | Villager (Male) |
| 7:58 | Crear | Villager (Male) |
| 7:59 | Crear | Villager (Male) |
| 7:59 | Crear | Villager (Male) |
| 8:12 | Construir | House |
| 8:21 | Construir | House |
| 8:34 | Crear | Villager (Male) |
| 9:36 | Crear | Villager (Male) |
| 9:36 | Crear | Villager (Male) |
| 9:36 | Crear | Villager (Male) |
| 9:37 | Crear | Villager (Male) |
| 10:09 | Crear | Villager (Male) |
| 10:10 | Crear | Villager (Male) |
| 10:16 | Construir | Mill |
| 10:46 | Crear | Villager (Male) |
| 10:46 | Crear | Villager (Male) |
| 11:02 | Construir | Mining Camp |
| 11:17 | Construir | House |
| 11:35 | Crear | Villager (Male) |
| 11:35 | Crear | Villager (Male) |
| 12:18 | Investigar | Feudal Age |
| 13:14 | Crear | Villager (Male) |
| 13:14 | Crear | Villager (Male) |
| 13:14 | Crear | Villager (Male) |
| 13:51 | Crear | Villager (Male) |
| 14:08 | Crear | Villager (Male) |
| 14:08 | Crear | Villager (Male) |
| 14:28 | Edad | Edad Feudal |
| 14:37 | Construir | Market |
| 14:43 | Construir | Blacksmith |
| 15:13 | Crear | Villager (Male) |
| 15:13 | Crear | Villager (Male) |
| 15:57 | Construir | Mill |
| 16:38 | Investigar | Castle Age |
| 17:10 | Construir | House |
| 17:16 | Construir | Palisade Wall |
| 17:21 | Construir | Palisade Gate |
| 17:32 | Construir | Lumber Camp |
| 18:44 | Construir | House |
| 18:46 | Construir | House |
| 18:47 | Construir | House |
| 19:12 | Investigar | Double-Bit Axe |
| 19:18 | Edad | Edad de los Castillos |
| 19:32 | Crear | Villager (Male) |
| 19:32 | Crear | Villager (Male) |
| 19:32 | Crear | Villager (Male) |
| 19:33 | Crear | Villager (Male) |
| 19:41 | Construir | Town Center |
| 19:58 | Construir | Palisade Wall |
| 20:05 | Construir | Palisade Gate |
| 20:39 | Investigar | Bow Saw |
| 20:46 | Crear | Villager (Male) |
| 21:04 | Investigar | Horse Collar |
| 21:24 | Investigar | Heavy Plow |
| 21:32 | Construir | Farm |
| 21:34 | Construir | Farm |
| 21:35 | Construir | Farm |
| 21:36 | Construir | Farm |
| 21:38 | Construir | Farm |
| 21:44 | Construir | Palisade Gate |
| 22:00 | Construir | Farm |
| 22:01 | Construir | Farm |
| 22:02 | Construir | Farm |
| 22:03 | Construir | Farm |
| 22:05 | Construir | Farm |
| 22:31 | Construir | Town Center |
| 22:41 | Investigar | Wheelbarrow |
| 22:44 | Crear | Villager (Male) |
| 22:51 | Construir | House |
| 22:56 | Crear | Villager (Male) |
| 22:59 | Crear | Villager (Male) |
| 23:00 | Crear | Villager (Male) |
| 23:20 | Construir | House |
| 23:25 | Construir | House |
| 23:28 | Construir | House |
| 23:41 | Crear | Villager (Male) |
| 23:41 | Crear | Villager (Male) |
| 23:57 | Crear | Villager (Male) |
| 24:31 | Crear | Villager (Male) |
| 24:34 | Crear | Villager (Male) |
| 24:49 | Construir | Town Center |
| 25:02 | Construir | House |
| 25:04 | Construir | House |
| 25:09 | Crear | Villager (Male) |
| 25:13 | Crear | Villager (Male) |
| 25:19 | Construir | Farm |
| 25:20 | Construir | Farm |
| 25:22 | Construir | Farm |
| 25:23 | Construir | Farm |
| 25:25 | Construir | Farm |
| 25:45 | Construir | Farm |
| 25:45 | Construir | Farm |
| 25:46 | Construir | Farm |
| 25:47 | Construir | Farm |
| 25:48 | Construir | Farm |
| 25:50 | Construir | Farm |
| 25:51 | Construir | Farm |
| 25:52 | Construir | Farm |
| 25:54 | Crear | Villager (Male) |
| 25:55 | Crear | Villager (Male) |
| 26:12 | Construir | Palisade Gate |
| 26:24 | Crear | Villager (Male) |
| 26:44 | Construir | Mining Camp |
| 26:48 | Investigar | Stone Mining |
| 26:53 | Crear | Villager (Male) |
| 26:55 | Crear | Villager (Male) |
| 26:56 | Crear | Villager (Male) |
| 27:07 | Construir | Farm |
| 27:08 | Construir | Farm |
| 27:09 | Construir | Farm |
| 27:10 | Construir | Farm |
| 27:12 | Construir | Farm |
| 27:14 | Construir | Farm |
| 27:21 | Construir | Outpost |
| 27:35 | Construir | Outpost |
| 27:46 | Investigar | Town Watch |
| 27:47 | Investigar | Wheelbarrow |
| 27:49 | Crear | Villager (Male) |
| 27:49 | Crear | Villager (Male) |
| 27:55 | Crear | Villager (Male) |
| 28:15 | Construir | Outpost |
| 28:19 | Crear | Villager (Male) |
| 28:21 | Crear | Villager (Male) |
| 28:22 | Crear | Villager (Male) |
| 28:23 | Crear | Villager (Male) |
| 28:23 | Crear | Villager (Male) |
| 28:34 | Construir | Town Center |
| 28:38 | Crear | Villager (Male) |
| 28:41 | Crear | Villager (Male) |
| 28:42 | Crear | Villager (Male) |
| 28:59 | Crear | Villager (Male) |
| 29:01 | Crear | Villager (Male) |
| 29:13 | Construir | Outpost |
Build order — rUiN
Primeras 150 de 294 acciones detectadas
| 0:25 | Construir | Town Center |
| 2:10 | Construir | House |
| 2:14 | Crear | Villager (Male) |
| 2:15 | Crear | Villager (Male) |
| 2:15 | Crear | Villager (Male) |
| 2:19 | Crear | Villager (Male) |
| 2:25 | Construir | House |
| 3:41 | Crear | Villager (Male) |
| 3:46 | Construir | Mill |
| 4:00 | Crear | Villager (Male) |
| 4:20 | Crear | Villager (Male) |
| 5:09 | Crear | Villager (Male) |
| 5:10 | Crear | Villager (Male) |
| 5:10 | Crear | Villager (Male) |
| 5:42 | Crear | Villager (Male) |
| 5:53 | Crear | Villager (Male) |
| 6:10 | Construir | House |
| 6:19 | Crear | Villager (Male) |
| 6:47 | Construir | House |
| 6:51 | Crear | Villager (Male) |
| 7:07 | Crear | Villager (Male) |
| 7:23 | Crear | Villager (Male) |
| 7:39 | Crear | Villager (Male) |
| 7:51 | Crear | Villager (Male) |
| 8:21 | Crear | Villager (Male) |
| 8:40 | Construir | Mill |
| 8:50 | Crear | Villager (Male) |
| 9:17 | Crear | Villager (Male) |
| 9:48 | Investigar | Loom |
| 9:50 | Construir | House |
| 10:03 | Crear | Villager (Male) |
| 10:37 | Construir | Mining Camp |
| 10:41 | Crear | Villager (Male) |
| 11:21 | Investigar | Feudal Age |
| 12:39 | Construir | Farm |
| 12:42 | Construir | Farm |
| 13:17 | Construir | Mining Camp |
| 13:27 | Crear | Villager (Male) |
| 13:27 | Crear | Villager (Male) |
| 13:31 | Edad | Edad Feudal |
| 13:35 | Construir | Market |
| 13:39 | Construir | Blacksmith |
| 13:50 | Construir | House |
| 14:23 | Investigar | Castle Age |
| 14:40 | Construir | Lumber Camp |
| 15:04 | Construir | Farm |
| 15:12 | Investigar | Horse Collar |
| 15:17 | Construir | Farm |
| 15:21 | Construir | Farm |
| 15:31 | Construir | House |
| 15:58 | Construir | Palisade Gate |
| 16:08 | Crear | Villager (Male) |
| 16:15 | Construir | House |
| 16:38 | Construir | Farm |
| 16:43 | Investigar | Double-Bit Axe |
| 16:46 | Construir | Farm |
| 16:49 | Construir | Farm |
| 16:52 | Construir | Farm |
| 16:59 | Construir | House |
| 17:03 | Edad | Edad de los Castillos |
| 17:04 | Construir | House |
| 17:22 | Crear | Villager (Male) |
| 17:29 | Construir | Farm |
| 17:39 | Construir | Farm |
| 17:43 | Construir | Farm |
| 17:46 | Crear | Villager (Male) |
| 18:05 | Crear | Villager (Male) |
| 18:20 | Crear | Villager (Male) |
| 18:24 | Construir | Castle |
| 18:34 | Investigar | Gold Mining |
| 18:51 | Construir | Mill |
| 18:58 | Crear | Villager (Male) |
| 19:21 | Investigar | Bow Saw |
| 19:37 | Crear | Villager (Male) |
| 19:48 | Crear | Villager (Male) |
| 19:59 | Crear | Villager (Male) |
| 20:26 | Crear | Villager (Male) |
| 20:33 | Crear | Chakram Thrower |
| 20:33 | Crear | Chakram Thrower |
| 20:51 | Construir | Town Center |
| 20:56 | Crear | Villager (Male) |
| 20:58 | Crear | Chakram Thrower |
| 20:59 | Crear | Chakram Thrower |
| 21:15 | Crear | Villager (Male) |
| 21:19 | Crear | Chakram Thrower |
| 21:23 | Crear | Villager (Male) |
| 21:30 | Construir | House |
| 21:33 | Construir | House |
| 21:40 | Crear | Chakram Thrower |
| 21:49 | Construir | Lumber Camp |
| 21:55 | Crear | Villager (Male) |
| 22:05 | Crear | Chakram Thrower |
| 22:17 | Construir | Farm |
| 22:20 | Construir | Farm |
| 22:22 | Construir | Farm |
| 22:27 | Construir | Farm |
| 22:29 | Crear | Villager (Male) |
| 22:29 | Crear | Villager (Male) |
| 22:47 | Crear | Villager (Male) |
| 23:05 | Construir | Town Center |
| 23:07 | Crear | Villager (Male) |
| 23:16 | Crear | Chakram Thrower |
| 23:23 | Crear | Villager (Male) |
| 23:32 | Construir | Outpost |
| 23:34 | Crear | Villager (Male) |
| 23:38 | Crear | Villager (Male) |
| 23:49 | Crear | Chakram Thrower |
| 24:01 | Construir | Farm |
| 24:04 | Construir | Farm |
| 24:06 | Construir | Farm |
| 24:08 | Construir | Farm |
| 24:11 | Construir | Farm |
| 24:17 | Investigar | Wheelbarrow |
| 24:18 | Crear | Villager (Male) |
| 24:28 | Investigar | Town Watch |
| 24:28 | Crear | Villager (Male) |
| 24:38 | Construir | Outpost |
| 24:44 | Construir | Lumber Camp |
| 24:45 | Crear | Villager (Male) |
| 24:47 | Crear | Chakram Thrower |
| 25:07 | Crear | Villager (Male) |
| 25:13 | Crear | Chakram Thrower |
| 25:13 | Crear | Chakram Thrower |
| 25:21 | Crear | Villager (Male) |
| 25:25 | Construir | Farm |
| 25:34 | Construir | Farm |
| 25:34 | Construir | Farm |
| 25:34 | Construir | Farm |
| 25:34 | Construir | Farm |
| 25:35 | Construir | Farm |
| 25:35 | Construir | Farm |
| 25:38 | Crear | Chakram Thrower |
| 25:43 | Investigar | Scale Mail Armor |
| 25:51 | Construir | Farm |
| 25:53 | Construir | Farm |
| 25:54 | Construir | Farm |
| 26:01 | Construir | Farm |
| 26:01 | Crear | Villager (Male) |
| 26:06 | Construir | Monastery |
| 26:07 | Crear | Villager (Male) |
| 26:12 | Crear | Chakram Thrower |
| 26:12 | Crear | Chakram Thrower |
| 26:19 | Construir | Farm |
| 26:25 | Crear | Villager (Male) |
| 26:26 | Crear | Villager (Male) |
| 26:35 | Construir | Siege Workshop |
| 26:37 | Crear | Villager (Male) |
| 26:55 | Crear | Villager (Male) |
| 26:56 | Crear | Villager (Male) |
| 27:01 | Construir | Farm |
Build order — 廊桥停步
Primeras 150 de 333 acciones detectadas
| 0:16 | Construir | Town Center |
| 0:50 | Construir | Lumber Camp |
| 2:47 | Crear | Villager (Male) ×4 |
| 2:47 | Crear | Villager (Male) ×4 |
| 4:26 | Crear | Villager (Male) |
| 4:26 | Crear | Villager (Male) |
| 4:46 | Investigar | Loom |
| 5:08 | Crear | Villager (Male) |
| 5:08 | Crear | Villager (Male) |
| 5:14 | Construir | Palisade Wall |
| 5:22 | Construir | Palisade Wall |
| 5:29 | Construir | Mill |
| 5:35 | Crear | Villager (Male) |
| 5:36 | Crear | Villager (Male) |
| 5:46 | Construir | Mill |
| 6:02 | Crear | Villager (Male) |
| 6:02 | Crear | Villager (Male) |
| 6:13 | Construir | Mill |
| 6:32 | Crear | Villager (Male) |
| 6:56 | Crear | Villager (Male) |
| 7:23 | Crear | Villager (Male) |
| 7:41 | Crear | Villager (Male) |
| 7:42 | Crear | Villager (Male) |
| 8:12 | Crear | Villager (Male) |
| 8:22 | Construir | Mill |
| 8:28 | Crear | Villager (Male) |
| 8:57 | Crear | Villager (Male) |
| 9:26 | Crear | Villager (Male) |
| 9:38 | Crear | Villager (Male) |
| 10:18 | Crear | Villager (Male) |
| 10:42 | Crear | Villager (Male) |
| 10:48 | Construir | Mining Camp |
| 10:54 | Construir | Mill |
| 11:02 | Crear | Villager (Male) |
| 11:06 | Construir | Mill |
| 11:31 | Crear | Villager (Male) |
| 11:37 | Construir | Barracks |
| 11:44 | Crear | Villager (Male) |
| 12:14 | Crear | Villager (Male) |
| 12:49 | Investigar | Feudal Age |
| 12:49 | Investigar | Feudal Age |
| 13:56 | Construir | Palisade Wall |
| 14:28 | Crear | Villager (Male) |
| 14:59 | Edad | Edad Feudal |
| 15:11 | Construir | Market |
| 15:17 | Construir | Archery Range |
| 15:23 | Crear | Villager (Male) |
| 15:30 | Investigar | Double-Bit Axe |
| 15:42 | Construir | Palisade Wall |
| 15:49 | Crear | Villager (Male) |
| 16:14 | Crear | Villager (Male) |
| 16:38 | Investigar | Castle Age |
| 16:39 | Investigar | Castle Age |
| 17:38 | Crear | Villager (Male) |
| 17:41 | Investigar | Horse Collar |
| 19:04 | Crear | Villager (Male) |
| 19:19 | Edad | Edad de los Castillos |
| 19:21 | Construir | Town Center |
| 19:27 | Construir | Town Center |
| 19:32 | Crear | Villager (Male) |
| 19:34 | Crear | Cavalry Archer |
| 19:35 | Crear | Cavalry Archer |
| 19:56 | Construir | Gate |
| 20:08 | Crear | Villager (Male) |
| 20:16 | Crear | Villager (Male) |
| 20:31 | Construir | Stone Wall |
| 20:34 | Crear | Villager (Male) |
| 20:34 | Crear | Villager (Male) |
| 20:39 | Construir | Farm |
| 20:40 | Construir | Farm |
| 20:41 | Construir | Farm |
| 20:43 | Construir | Farm |
| 20:49 | Crear | Villager (Male) |
| 20:50 | Crear | Villager (Male) |
| 20:50 | Crear | Villager (Male) |
| 20:50 | Crear | Villager (Male) |
| 20:59 | Investigar | Bow Saw |
| 21:01 | Crear | Villager (Male) |
| 21:02 | Crear | Villager (Male) |
| 21:11 | Construir | Lumber Camp |
| 21:15 | Crear | Villager (Male) |
| 21:37 | Construir | Outpost |
| 21:39 | Construir | Outpost |
| 21:40 | Construir | Outpost |
| 21:43 | Crear | Villager (Male) |
| 21:43 | Crear | Villager (Male) |
| 22:01 | Construir | Stone Wall |
| 22:06 | Crear | Villager (Male) |
| 22:06 | Crear | Villager (Male) |
| 22:14 | Construir | Monastery |
| 22:26 | Construir | Farm |
| 22:27 | Construir | Farm |
| 22:31 | Construir | Farm |
| 22:33 | Crear | Villager (Male) |
| 22:33 | Crear | Villager (Male) |
| 22:34 | Crear | Villager (Male) |
| 22:34 | Crear | Villager (Male) |
| 22:49 | Crear | Monk |
| 22:53 | Crear | Villager (Male) |
| 22:53 | Crear | Villager (Male) |
| 22:56 | Construir | Farm |
| 23:03 | Construir | Farm |
| 23:08 | Crear | Villager (Male) ×2 |
| 23:14 | Construir | Farm |
| 23:16 | Construir | Farm |
| 23:18 | Construir | Farm |
| 23:39 | Construir | Stone Wall |
| 23:41 | Construir | Gate |
| 23:43 | Crear | Villager (Male) |
| 23:44 | Crear | Villager (Male) |
| 23:44 | Crear | Villager (Male) |
| 23:51 | Crear | Monk |
| 23:55 | Crear | Villager (Male) |
| 24:16 | Crear | Villager (Male) |
| 24:16 | Crear | Villager (Male) |
| 24:22 | Construir | Farm |
| 24:23 | Construir | Farm |
| 24:28 | Construir | Farm |
| 24:29 | Construir | Farm |
| 24:31 | Construir | Farm |
| 24:32 | Construir | Farm |
| 24:35 | Crear | Villager (Male) |
| 24:36 | Crear | Villager (Male) |
| 24:45 | Crear | Villager (Male) |
| 24:57 | Construir | Farm |
| 25:06 | Construir | Outpost |
| 25:07 | Construir | Outpost |
| 25:08 | Construir | Outpost |
| 25:10 | Crear | Villager (Male) |
| 25:11 | Crear | Villager (Male) |
| 25:11 | Crear | Villager (Male) |
| 25:15 | Construir | Farm |
| 25:21 | Construir | Farm |
| 25:22 | Investigar | Wheelbarrow |
| 25:25 | Crear | Villager (Male) |
| 25:25 | Crear | Villager (Male) |
| 25:28 | Construir | Farm |
| 25:31 | Construir | Farm |
| 25:32 | Construir | Farm |
| 25:39 | Construir | Farm |
| 25:40 | Construir | Farm |
| 25:43 | Construir | Farm |
| 25:44 | Construir | Farm |
| 25:55 | Crear | Villager (Male) |
| 25:55 | Crear | Villager (Male) |
| 25:56 | Crear | Villager (Male) |
| 25:56 | Crear | Villager (Male) |
| 26:02 | Construir | Farm |
| 26:24 | Construir | Stable |
| 26:33 | Construir | Castle |
Build order — O7KN27
83 acciones detectadas en el replay
| 0:23 | Construir | Town Center |
| 2:28 | Investigar | Loom |
| 2:29 | Crear | Villager (Male) ×4 |
| 3:25 | Construir | House |
| 4:05 | Construir | House |
| 5:01 | Crear | Villager (Male) |
| 5:33 | Crear | Villager (Male) ×3 |
| 6:20 | Construir | House |
| 6:27 | Construir | House |
| 7:03 | Crear | Villager (Male) ×3 |
| 7:03 | Crear | Villager (Male) ×3 |
| 8:27 | Crear | Villager (Male) ×2 |
| 8:40 | Construir | Mining Camp |
| 8:45 | Crear | Villager (Male) |
| 9:48 | Crear | Villager (Male) ×3 |
| 11:15 | Crear | Villager (Male) |
| 11:16 | Crear | Villager (Male) |
| 12:05 | Construir | Mill |
| 12:25 | Crear | Villager (Male) |
| 12:58 | Crear | Villager (Male) |
| 13:48 | Investigar | Feudal Age |
| 15:58 | Edad | Edad Feudal |
| 16:13 | Construir | Market |
| 16:18 | Construir | Blacksmith |
| 17:21 | Investigar | Castle Age |
| 20:01 | Edad | Edad de los Castillos |
| 20:05 | Construir | Castle |
| 20:10 | Crear | Villager (Male) ×5 |
| 20:23 | Construir | House |
| 20:29 | Construir | Town Center |
| 21:10 | Crear | Gbeto ×5 |
| 21:29 | Construir | Watch Tower |
| 22:10 | Construir | Town Center |
| 22:22 | Crear | Gbeto |
| 22:23 | Crear | Gbeto |
| 22:25 | Crear | Villager (Male) |
| 22:25 | Crear | Villager (Male) |
| 22:33 | Construir | Siege Workshop |
| 23:39 | Crear | Gbeto ×2 |
| 23:46 | Construir | Farm |
| 23:48 | Construir | Farm |
| 23:49 | Construir | Farm |
| 23:50 | Construir | Farm |
| 23:51 | Construir | Farm |
| 23:58 | Crear | Battering Ram |
| 24:23 | Crear | Gbeto |
| 24:46 | Crear | Battering Ram |
| 25:30 | Crear | Gbeto ×2 |
| 26:05 | Crear | Villager (Male) ×5 |
| 26:19 | Crear | Battering Ram |
| 26:21 | Crear | Villager (Male) |
| 26:31 | Crear | Gbeto |
| 26:40 | Construir | Farm |
| 26:41 | Construir | Farm |
| 27:06 | Crear | Battering Ram |
| 27:17 | Crear | Villager (Male) |
| 27:17 | Crear | Villager (Male) |
| 27:30 | Crear | Villager (Male) |
| 27:30 | Crear | Villager (Male) |
| 27:34 | Crear | Gbeto |
| 27:34 | Crear | Gbeto |
| 28:00 | Construir | House |
| 28:03 | Construir | House |
| 28:04 | Construir | House |
| 28:35 | Construir | House |
| 28:35 | Construir | House |
| 28:35 | Construir | House |
| 28:36 | Construir | House |
| 29:22 | Crear | Gbeto |
| 29:22 | Crear | Gbeto |
| 29:25 | Investigar | Scale Mail Armor |
| 29:59 | Crear | Battering Ram |
| 30:15 | Crear | Gbeto ×5 |
| 30:26 | Construir | House |
| 30:26 | Construir | House |
| 30:27 | Construir | House |
| 30:27 | Construir | House |
| 30:27 | Construir | House |
| 30:33 | Construir | Farm |
| 30:33 | Construir | Farm |
| 30:34 | Construir | Farm |
| 30:34 | Construir | Farm |
| 31:42 | Crear | Gbeto ×5 |
Build order — BRNSoloMid
Primeras 150 de 295 acciones detectadas
| 0:15 | Construir | Town Center |
| 2:30 | Crear | Villager (Male) |
| 2:31 | Crear | Villager (Male) |
| 2:31 | Crear | Villager (Male) |
| 2:31 | Crear | Villager (Male) |
| 2:32 | Crear | Villager (Male) |
| 3:24 | Construir | House |
| 3:29 | Investigar | Loom |
| 3:30 | Crear | Villager (Male) |
| 3:30 | Crear | Villager (Male) |
| 3:30 | Crear | Villager (Male) |
| 4:31 | Crear | Villager (Male) |
| 4:42 | Construir | Lumber Camp |
| 4:50 | Crear | Villager (Male) |
| 5:14 | Crear | Villager (Male) |
| 5:35 | Construir | House |
| 5:46 | Crear | Villager (Male) |
| 6:08 | Crear | Villager (Male) |
| 6:09 | Crear | Villager (Male) |
| 6:38 | Crear | Villager (Male) |
| 6:55 | Crear | Villager (Male) |
| 7:09 | Construir | House |
| 7:22 | Crear | Villager (Male) |
| 7:51 | Construir | Mill |
| 7:58 | Crear | Villager (Male) |
| 8:35 | Crear | Villager (Male) |
| 8:59 | Crear | Villager (Male) |
| 9:30 | Crear | Villager (Male) |
| 9:37 | Construir | House |
| 9:43 | Crear | Villager (Male) |
| 10:13 | Crear | Villager (Male) |
| 10:42 | Investigar | Feudal Age |
| 10:54 | Construir | Mining Camp |
| 11:01 | Construir | Palisade Wall |
| 11:56 | Crear | Villager (Male) |
| 12:26 | Construir | Farm |
| 12:27 | Construir | Farm |
| 12:32 | Construir | Farm |
| 12:32 | Construir | Farm |
| 12:39 | Construir | Farm |
| 12:44 | Crear | Villager (Male) |
| 12:52 | Edad | Edad Feudal |
| 13:07 | Construir | House |
| 13:15 | Construir | Palisade Wall |
| 13:23 | Crear | Villager (Male) |
| 13:40 | Crear | Villager (Male) |
| 13:55 | Construir | Farm |
| 13:56 | Construir | Farm |
| 13:57 | Construir | Farm |
| 14:16 | Construir | Barracks |
| 14:22 | Crear | Villager (Male) |
| 14:30 | Construir | Farm |
| 14:50 | Construir | Mill |
| 14:58 | Construir | House |
| 15:20 | Construir | Farm |
| 15:22 | Crear | Villager (Male) |
| 15:38 | Construir | House |
| 15:50 | Crear | Villager (Male) |
| 16:03 | Crear | Spearman |
| 16:20 | Construir | House |
| 16:24 | Construir | House |
| 16:28 | Construir | House |
| 16:56 | Construir | House |
| 17:02 | Construir | Outpost |
| 17:09 | Crear | Villager (Male) |
| 17:16 | Construir | Farm |
| 17:16 | Construir | Farm |
| 17:17 | Construir | Farm |
| 17:19 | Crear | Villager (Male) |
| 17:27 | Construir | Farm |
| 17:47 | Construir | House |
| 17:53 | Crear | Villager (Male) |
| 18:15 | Crear | Villager (Male) |
| 18:26 | Construir | House |
| 18:30 | Construir | Farm |
| 18:33 | Crear | Villager (Male) |
| 18:54 | Construir | Market |
| 19:01 | Construir | Market |
| 19:10 | Construir | Blacksmith |
| 19:18 | Construir | Palisade Wall |
| 19:23 | Crear | Villager (Male) |
| 19:26 | Investigar | Double-Bit Axe |
| 19:43 | Construir | House |
| 19:45 | Construir | House |
| 19:47 | Construir | House |
| 19:59 | Investigar | Castle Age |
| 20:03 | Investigar | Horse Collar |
| 20:07 | Investigar | Double-Bit Axe |
| 20:48 | Construir | Archery Range |
| 20:54 | Construir | Archery Range |
| 21:01 | Construir | House |
| 21:04 | Construir | House |
| 21:32 | Crear | Villager (Male) |
| 21:57 | Construir | Palisade Gate |
| 22:39 | Edad | Edad de los Castillos |
| 22:43 | Construir | Town Center |
| 23:02 | Crear | Villager (Male) |
| 23:05 | Investigar | Bow Saw |
| 23:24 | Crear | Villager (Male) |
| 23:29 | Construir | Farm |
| 23:39 | Crear | Villager (Male) |
| 23:45 | Investigar | Wheelbarrow |
| 23:48 | Crear | Villager (Male) |
| 23:53 | Crear | Villager (Male) |
| 23:55 | Crear | Villager (Male) |
| 24:06 | Crear | Villager (Male) |
| 24:50 | Construir | Town Center |
| 25:03 | Crear | Villager (Male) |
| 25:04 | Crear | Villager (Male) |
| 25:35 | Crear | Villager (Male) |
| 25:35 | Crear | Villager (Male) |
| 25:36 | Crear | Villager (Male) |
| 25:36 | Crear | Villager (Male) |
| 25:41 | Investigar | Heavy Plow |
| 26:16 | Crear | Villager (Male) |
| 26:17 | Crear | Villager (Male) |
| 26:28 | Construir | Farm |
| 26:29 | Construir | Farm |
| 26:32 | Construir | Farm |
| 26:32 | Construir | Farm |
| 26:43 | Crear | Villager (Male) |
| 26:43 | Crear | Villager (Male) |
| 27:09 | Construir | Castle |
| 27:22 | Crear | Villager (Male) |
| 27:23 | Crear | Villager (Male) |
| 27:33 | Construir | Farm |
| 27:33 | Construir | Farm |
| 27:35 | Crear | Villager (Male) |
| 27:36 | Crear | Villager (Male) |
| 27:37 | Crear | Villager (Male) |
| 27:45 | Construir | Farm |
| 27:45 | Construir | Farm |
| 27:47 | Crear | Villager (Male) |
| 27:47 | Crear | Villager (Male) |
| 27:56 | Crear | Villager (Male) |
| 27:57 | Crear | Villager (Male) |
| 28:06 | Construir | University |
| 28:14 | Crear | Villager (Male) |
| 28:15 | Crear | Villager (Male) |
| 28:15 | Crear | Villager (Male) |
| 28:31 | Construir | Farm |
| 28:39 | Construir | Farm |
| 28:40 | Construir | Farm |
| 28:41 | Construir | Farm |
| 28:42 | Construir | Farm |
| 28:54 | Crear | Villager (Male) |
| 28:57 | Crear | Villager (Male) |
| 29:01 | Crear | Conquistador |
| 29:02 | Crear | Conquistador |
| 29:04 | Crear | Conquistador |
Build order — ƤhØenɪx | dibujantew
Primeras 150 de 266 acciones detectadas
| 0:06 | Construir | House |
| 0:08 | Construir | House |
| 0:32 | Construir | Town Center |
| 3:07 | Crear | Villager (Male) |
| 3:07 | Crear | Villager (Male) |
| 3:17 | Crear | Villager (Male) |
| 3:36 | Crear | Villager (Male) |
| 3:36 | Crear | Villager (Male) |
| 5:07 | Crear | Villager (Male) |
| 5:28 | Investigar | Loom |
| 6:04 | Crear | Villager (Male) |
| 6:05 | Crear | Villager (Male) |
| 6:05 | Crear | Villager (Male) |
| 6:05 | Crear | Villager (Male) |
| 7:38 | Crear | Villager (Male) |
| 7:39 | Crear | Villager (Male) |
| 7:39 | Crear | Villager (Male) |
| 7:39 | Crear | Villager (Male) |
| 7:47 | Construir | Settlement |
| 7:59 | Crear | Villager (Male) |
| 8:49 | Crear | Villager (Male) |
| 9:04 | Crear | Villager (Male) |
| 9:27 | Crear | Villager (Male) |
| 9:27 | Crear | Villager (Male) |
| 9:41 | Crear | Villager (Male) |
| 10:40 | Construir | House |
| 10:43 | Crear | Villager (Male) |
| 11:11 | Construir | Barracks |
| 11:33 | Investigar | Feudal Age |
| 12:09 | Crear | Unit 2550 |
| 12:09 | Crear | Unit 2550 |
| 12:20 | Construir | House |
| 12:21 | Construir | House |
| 12:53 | Crear | Unit 2550 |
| 13:43 | Edad | Edad Feudal |
| 13:55 | Crear | Villager (Male) |
| 13:56 | Crear | Villager (Male) |
| 14:29 | Investigar | Tech 1402 |
| 14:33 | Construir | Farm |
| 14:35 | Construir | Farm |
| 14:38 | Construir | Farm |
| 14:49 | Crear | Villager (Male) |
| 15:09 | Construir | Settlement |
| 15:35 | Crear | Villager (Male) |
| 15:37 | Crear | Villager (Male) |
| 15:40 | Construir | Farm |
| 15:43 | Construir | Farm |
| 15:46 | Construir | Farm |
| 15:49 | Construir | Farm |
| 15:53 | Crear | Villager (Male) |
| 16:10 | Construir | Farm |
| 16:22 | Crear | Villager (Male) |
| 16:28 | Construir | Farm |
| 17:00 | Crear | Villager (Male) |
| 17:04 | Construir | Farm |
| 17:09 | Construir | House |
| 17:10 | Construir | House |
| 17:31 | Construir | Farm |
| 17:47 | Construir | Outpost |
| 17:52 | Investigar | Town Watch |
| 17:55 | Construir | Farm |
| 18:13 | Crear | Villager (Male) |
| 18:35 | Construir | Market |
| 18:54 | Crear | Villager (Male) |
| 19:25 | Construir | Blacksmith |
| 19:30 | Crear | Villager (Male) |
| 20:00 | Investigar | Castle Age |
| 20:05 | Construir | House |
| 20:07 | Construir | House |
| 20:08 | Construir | House |
| 20:10 | Construir | House |
| 20:15 | Investigar | Double-Bit Axe |
| 20:32 | Construir | Palisade Wall |
| 20:35 | Crear | Villager (Male) |
| 20:56 | Investigar | Horse Collar |
| 21:26 | Crear | Villager (Male) |
| 21:43 | Construir | Outpost |
| 22:40 | Edad | Edad de los Castillos |
| 22:43 | Crear | Villager (Male) |
| 22:43 | Crear | Villager (Male) |
| 22:48 | Construir | Town Center |
| 23:15 | Crear | Villager (Male) |
| 23:28 | Crear | Villager (Male) |
| 23:29 | Crear | Villager (Male) |
| 23:44 | Construir | Town Center |
| 23:48 | Crear | Villager (Male) |
| 23:48 | Crear | Villager (Male) |
| 24:33 | Crear | Villager (Male) |
| 24:35 | Crear | Villager (Male) |
| 24:38 | Crear | Villager (Male) |
| 24:44 | Investigar | Bow Saw |
| 24:46 | Crear | Villager (Male) |
| 25:35 | Crear | Villager (Male) |
| 25:35 | Crear | Villager (Male) |
| 25:37 | Construir | Farm |
| 25:39 | Crear | Villager (Male) |
| 25:43 | Crear | Villager (Male) |
| 26:11 | Crear | Villager (Male) |
| 26:17 | Construir | Farm |
| 26:20 | Crear | Villager (Male) |
| 26:20 | Crear | Villager (Male) |
| 26:21 | Crear | Villager (Male) |
| 26:35 | Construir | Farm |
| 26:43 | Crear | Villager (Male) |
| 27:11 | Construir | Castle |
| 27:14 | Crear | Villager (Male) |
| 27:20 | Construir | Farm |
| 27:21 | Construir | Farm |
| 27:33 | Crear | Villager (Male) |
| 27:33 | Crear | Villager (Male) |
| 27:37 | Construir | Farm |
| 27:39 | Construir | Farm |
| 27:46 | Investigar | Wheelbarrow |
| 27:58 | Crear | Villager (Male) |
| 28:01 | Construir | Farm |
| 28:03 | Construir | Farm |
| 28:07 | Construir | Farm |
| 28:11 | Investigar | Gold Mining |
| 28:13 | Investigar | Stone Mining |
| 28:21 | Crear | Villager (Male) |
| 28:22 | Crear | Villager (Male) |
| 28:29 | Construir | Farm |
| 28:34 | Crear | Villager (Male) |
| 28:39 | Construir | Farm |
| 28:51 | Construir | House |
| 28:52 | Construir | House |
| 28:53 | Construir | House |
| 28:56 | Crear | Villager (Male) |
| 28:58 | Construir | Farm |
| 29:05 | Crear | Villager (Male) |
| 29:05 | Crear | Villager (Male) |
| 29:40 | Crear | Villager (Male) |
| 29:41 | Crear | Villager (Male) |
| 29:43 | Construir | Farm |
| 29:49 | Crear | Villager (Male) |
| 29:49 | Crear | Villager (Male) |
| 29:49 | Crear | Villager (Male) |
| 29:53 | Construir | Farm |
| 29:53 | Crear | Villager (Male) |
| 29:54 | Crear | Villager (Male) |
| 30:10 | Crear | Villager (Male) |
| 30:11 | Crear | Villager (Male) |
| 30:15 | Construir | Farm |
| 30:16 | Crear | Villager (Male) |
| 30:25 | Construir | Farm |
| 30:32 | Crear | Villager (Male) |
| 30:33 | Crear | Villager (Male) |
| 30:35 | Construir | Farm |
| 30:39 | Crear | Villager (Male) |
| 30:39 | Crear | Villager (Male) |
Build order — 旭阳xuyang
Primeras 150 de 204 acciones detectadas
| 1:14 | Construir | Town Center |
| 1:53 | Construir | House |
| 1:54 | Construir | House |
| 3:32 | Crear | Villager (Male) ×4 |
| 3:32 | Crear | Villager (Male) ×4 |
| 3:56 | Investigar | Loom |
| 5:00 | Crear | Villager (Male) |
| 5:00 | Crear | Villager (Male) |
| 5:01 | Crear | Villager (Male) |
| 6:49 | Crear | Villager (Male) ×4 |
| 6:49 | Crear | Villager (Male) ×4 |
| 7:19 | Crear | Villager (Male) ×2 |
| 7:20 | Crear | Villager (Male) ×2 |
| 7:48 | Construir | Mill |
| 8:02 | Crear | Villager (Male) |
| 8:02 | Crear | Villager (Male) |
| 8:29 | Crear | Villager (Male) |
| 8:30 | Crear | Villager (Male) |
| 8:30 | Crear | Villager (Male) |
| 8:50 | Construir | House |
| 8:52 | Construir | House |
| 8:53 | Construir | House |
| 9:41 | Crear | Villager (Male) ×4 |
| 9:41 | Crear | Villager (Male) ×4 |
| 10:15 | Crear | Villager (Male) |
| 10:15 | Crear | Villager (Male) |
| 10:34 | Crear | Villager (Male) ×2 |
| 10:34 | Crear | Villager (Male) ×3 |
| 10:34 | Crear | Villager (Male) |
| 10:52 | Crear | Villager (Male) ×3 |
| 10:52 | Crear | Villager (Male) ×3 |
| 11:18 | Crear | Villager (Male) ×3 |
| 11:19 | Crear | Villager (Male) ×3 |
| 11:40 | Construir | Lumber Camp |
| 12:20 | Crear | Villager (Male) ×2 |
| 14:18 | Investigar | Feudal Age |
| 14:25 | Crear | Villager (Male) ×5 |
| 14:39 | Construir | Palisade Wall |
| 14:46 | Construir | Palisade Gate |
| 15:05 | Construir | Barracks |
| 16:24 | Construir | Palisade Wall |
| 16:41 | Construir | Palisade Wall |
| 16:48 | Construir | Palisade Gate |
| 16:54 | Edad | Edad Feudal |
| 17:04 | Investigar | Double-Bit Axe |
| 17:13 | Construir | Farm |
| 17:15 | Construir | Farm |
| 17:17 | Construir | Farm |
| 17:19 | Construir | Farm |
| 17:21 | Construir | Farm |
| 17:23 | Construir | Farm |
| 17:24 | Construir | Farm |
| 17:38 | Construir | Market |
| 17:49 | Construir | Blacksmith |
| 18:29 | Construir | House |
| 18:34 | Construir | House |
| 18:35 | Construir | House |
| 18:36 | Construir | House |
| 18:37 | Construir | House |
| 18:37 | Construir | House |
| 18:38 | Construir | House |
| 18:39 | Construir | House |
| 18:39 | Construir | House |
| 18:39 | Construir | House |
| 18:40 | Construir | House |
| 18:49 | Investigar | Horse Collar |
| 18:58 | Construir | Farm |
| 18:59 | Construir | Farm |
| 19:01 | Construir | Farm |
| 19:35 | Construir | Stone Wall |
| 19:39 | Construir | Gate |
| 19:52 | Construir | Gate |
| 20:03 | Construir | Stone Wall |
| 20:08 | Investigar | Castle Age |
| 20:09 | Investigar | Wheelbarrow |
| 20:53 | Construir | Stone Wall |
| 20:58 | Construir | Gate |
| 21:11 | Investigar | Wheelbarrow |
| 21:14 | Crear | Villager (Male) ×2 |
| 22:16 | Construir | Stone Wall |
| 22:21 | Construir | Stone Wall |
| 22:29 | Construir | Gate |
| 22:42 | Crear | Villager (Male) |
| 22:43 | Crear | Villager (Male) |
| 22:48 | Edad | Edad de los Castillos |
| 23:14 | Construir | Town Center |
| 23:31 | Investigar | Bow Saw |
| 23:34 | Investigar | Heavy Plow |
| 24:34 | Construir | Town Center |
| 24:49 | Crear | Villager (Male) ×5 |
| 24:50 | Crear | Villager (Male) ×5 |
| 24:50 | Crear | Villager (Male) ×5 |
| 24:50 | Crear | Villager (Male) ×5 |
| 24:51 | Crear | Villager (Male) ×5 |
| 24:59 | Construir | Farm |
| 25:00 | Construir | Farm |
| 25:02 | Construir | Farm |
| 25:03 | Construir | Farm |
| 25:05 | Construir | Farm |
| 25:07 | Construir | Farm |
| 25:09 | Construir | Farm |
| 25:18 | Crear | Villager (Male) ×2 |
| 25:50 | Construir | House |
| 25:53 | Construir | House |
| 25:55 | Construir | House |
| 25:58 | Construir | House |
| 26:12 | Crear | Villager (Male) ×3 |
| 26:12 | Crear | Villager (Male) ×3 |
| 26:12 | Crear | Villager (Male) ×3 |
| 26:42 | Construir | Stone Wall |
| 26:47 | Construir | Gate |
| 26:54 | Crear | Villager (Male) ×5 |
| 26:54 | Crear | Villager (Male) ×5 |
| 27:40 | Construir | Mining Camp |
| 27:45 | Investigar | Squires |
| 27:46 | Investigar | Pikeman (upgrade) |
| 27:59 | Construir | Stable |
| 28:01 | Construir | Stable |
| 28:03 | Construir | Stable |
| 28:26 | Investigar | Town Watch |
| 28:27 | Crear | Villager (Male) ×3 |
| 28:27 | Crear | Villager (Male) ×3 |
| 28:41 | Construir | Town Center |
| 29:01 | Construir | Stone Wall |
| 29:08 | Construir | Mining Camp |
| 29:47 | Investigar | Gold Mining |
| 29:47 | Investigar | Stone Mining |
| 29:56 | Investigar | Town Patrol |
| 29:57 | Crear | Villager (Male) ×2 |
| 29:57 | Crear | Villager (Male) ×2 |
| 30:31 | Crear | Villager (Male) ×3 |
| 30:31 | Crear | Villager (Male) ×3 |
| 30:31 | Crear | Villager (Male) ×3 |
| 30:33 | Crear | Villager (Male) |
| 30:34 | Crear | Villager (Male) |
| 31:15 | Construir | Stone Wall |
| 31:21 | Construir | Gate |
| 31:31 | Construir | Stone Wall |
| 31:37 | Construir | Gate |
| 31:50 | Investigar | Hand Cart |
| 31:52 | Crear | Villager (Male) |
| 31:53 | Crear | Villager (Male) |
| 31:53 | Crear | Villager (Male) |
| 31:53 | Crear | Villager (Male) |
| 32:11 | Construir | Farm |
| 32:12 | Construir | Farm |
| 32:13 | Construir | Farm |
| 32:17 | Construir | Farm |
| 32:20 | Construir | Farm |
| 32:22 | Construir | Farm |
Cronología de la partida
| 5:14 | 廊桥停步 · wall_segment Palisade Wall x1 |
| 5:22 | 廊桥停步 · wall_segment Palisade Wall x1 |
| 11:01 | BRNSoloMid · wall_segment Palisade Wall x4 |
| 11:11 | ƤhØenɪx | dibujantew · first_building Barracks |
| 11:37 | 廊桥停步 · first_building Barracks |
| 12:25 | DD2E Badu Lake · age_up feudal |
| 12:52 | BRNSoloMid · age_up feudal |
| 13:15 | BRNSoloMid · wall_segment Palisade Wall x1 |
| 13:31 | rUiN · age_up feudal |
| 13:43 | ƤhØenɪx | dibujantew · age_up feudal |
| 13:56 | 廊桥停步 · wall_segment Palisade Wall x5 |
| 14:16 | BRNSoloMid · first_building Barracks |
| 14:28 | IcedTrain · age_up feudal |
| 14:39 | 旭阳xuyang · wall_segment Palisade Wall x20 |
| 14:59 | 廊桥停步 · age_up feudal |
| 15:05 | 旭阳xuyang · first_building Barracks |
| 15:17 | 廊桥停步 · first_building Archery Range |
| 15:42 | 廊桥停步 · wall_segment Palisade Wall x1 |
| 15:58 | O7KN27 · age_up feudal |
| 16:24 | 旭阳xuyang · wall_segment Palisade Wall x13 |
| 16:41 | 旭阳xuyang · wall_segment Palisade Wall x11 |
| 16:54 | 旭阳xuyang · age_up feudal |
| 17:03 | rUiN · age_up castle |
| 17:13 | DD2E Badu Lake · wall_segment Palisade Wall x7 |
| 17:15 | rUiN · first_market_buy 100 stone |
| 17:16 | IcedTrain · wall_segment Palisade Wall x7 |
| 17:20 | DD2E Badu Lake · wall_segment Palisade Wall x4 |
| 17:27 | DD2E Badu Lake · wall_segment Palisade Wall x10 |
| 18:02 | DD2E Badu Lake · wall_segment Palisade Wall x2 |
| 18:16 | DD2E Badu Lake · first_building Barracks |
| 18:24 | rUiN · first_building Castle |
| 19:13 | DD2E Badu Lake · wall_segment Palisade Wall x1 |
| 19:14 | DD2E Badu Lake · wall_segment Palisade Wall x4 |
| 19:18 | IcedTrain · age_up castle |
| 19:18 | BRNSoloMid · wall_segment Palisade Wall x1 |
| 19:19 | 廊桥停步 · age_up castle |
| 19:26 | DD2E Badu Lake · age_up castle |
| 19:35 | 旭阳xuyang · wall_segment Stone Wall x9 |
| 19:58 | IcedTrain · wall_segment Palisade Wall x7 |
| 20:01 | O7KN27 · age_up castle |
| 20:03 | 旭阳xuyang · wall_segment Stone Wall x9 |
| 20:05 | O7KN27 · first_building Castle |
| 20:31 | 廊桥停步 · wall_segment Stone Wall x4 |
| 20:32 | ƤhØenɪx | dibujantew · wall_segment Palisade Wall x3 |
| 20:48 | BRNSoloMid · first_building Archery Range |
| 20:53 | 旭阳xuyang · wall_segment Stone Wall x7 |
| 21:51 | DD2E Badu Lake · first_building Castle |
| 22:01 | 廊桥停步 · wall_segment Stone Wall x13 |
| 22:14 | 廊桥停步 · first_building Monastery |
| 22:16 | 旭阳xuyang · wall_segment Stone Wall x8 |
| 22:21 | 旭阳xuyang · wall_segment Stone Wall x17 |
| 22:33 | O7KN27 · first_building Siege Workshop |
| 22:39 | BRNSoloMid · age_up castle |
| 22:40 | ƤhØenɪx | dibujantew · age_up castle |
| 22:48 | 旭阳xuyang · age_up castle |
| 23:19 | BRNSoloMid · first_market_buy 100 stone |
| 23:29 | O7KN27 · first_market_buy 100 food |
| 23:36 | O7KN27 · first_market_sell 100 wood |
| 23:39 | 廊桥停步 · wall_segment Stone Wall x3 |
| 24:25 | DD2E Badu Lake · first_market_sell 100 food |
| 24:42 | IcedTrain · first_market_buy 100 stone |
| 26:06 | rUiN · first_building Monastery |
| 26:09 | BRNSoloMid · first_market_sell 500 food |
| 26:24 | 廊桥停步 · first_building Stable |
| 26:33 | 廊桥停步 · first_building Castle |
| 26:35 | rUiN · first_building Siege Workshop |
| 26:42 | 旭阳xuyang · wall_segment Stone Wall x18 |
| 26:43 | DD2E Badu Lake · first_building Monastery |
| 27:09 | BRNSoloMid · first_building Castle |
| 27:11 | ƤhØenɪx | dibujantew · first_building Castle |
| 27:59 | 旭阳xuyang · first_building Stable |
| 29:01 | 旭阳xuyang · wall_segment Stone Wall x1 |
| 29:16 | 廊桥停步 · wall_segment Stone Wall x6 |
| 30:05 | IcedTrain · first_building Castle |
| 30:29 | DD2E Badu Lake · first_building Archery Range |
| 31:15 | 旭阳xuyang · wall_segment Stone Wall x23 |
| 31:23 | DD2E Badu Lake · first_building Siege Workshop |
| 31:31 | 旭阳xuyang · wall_segment Stone Wall x9 |
| 31:33 | 廊桥停步 · age_up imperial |
| 31:58 | ƤhØenɪx | dibujantew · wall_segment Palisade Wall x6 |
| 32:22 | rUiN · first_market_sell 500 wood |
| 32:48 | 旭阳xuyang · first_market_buy 100 wood |
| 32:50 | 廊桥停步 · first_market_buy 100 wood |
| 32:56 | ƤhØenɪx | dibujantew · first_building Monastery |
| 32:59 | O7KN27 · resign |
| 33:38 | 旭阳xuyang · first_building Castle |
| 34:04 | rUiN · first_building Barracks |
| 34:32 | IcedTrain · wall_segment Stone Wall x13 |
| 35:01 | IcedTrain · age_up imperial |
| 35:40 | rUiN · age_up imperial |
| 36:26 | 旭阳xuyang · first_building Archery Range |
| 36:35 | ƤhØenɪx | dibujantew · age_up imperial |
| 36:38 | BRNSoloMid · age_up imperial |
| 39:46 | IcedTrain · first_building Siege Workshop |
[ ANÁLISIS IA · 1 CRÉDITO ]
¿Qué pasó realmente en esta partida?
Wolo.gg analiza cada decisión: build order, eco, micro, errores típicos por bracket. Análisis personalizado por WhatsApp o Discord en 30 segundos.
Guía civ
Celtas
Guía mapa
Land Nomad
Perfil
Jugador #2004893